 Dungeon Crawl Stone Soup version 0.30.1-11-g7821555f0a (webtiles) character file.

Game seed: 6111335670925129855

853 booth the Cudgeller (level 8, -7/51 HPs)
             Began as a Gargoyle Monk on Oct 29, 2023.
             Killed by divine providence
             ... invoked by an orc priest
              (12 damage)
             ... on level 5 of the Dungeon.
             The game lasted 00:17:57 (3752 turns).

booth the Cudgeller (Gargoyle Monk)                 Turns: 3752, Time: 00:17:57

Health: -7/51      AC: 14    Str: 18    XL:     8   Next: 1%
Magic:  8/8        EV: 13    Int: 10    God:
Gold:   117        SH:  0    Dex: 12    Spells: 7/7 levels left

rFire   . . .        a - +1 mace (venom)
rCold   . . .        d - orb {light}
rNeg    + . .        j - +0 leather armour
rPois   ∞            l - +2 hat
rElec   +            f - +1 cloak
rCorr   .            e - +0 pair of gloves
SInv    .            (no boots)
Will    .....        (no amulet)
Stlth   +            (no ring)
HPRegen 0.28/turn    (no ring)
MPRegen 0.11/turn

%: no passive effects
@: about to teleport, hasted, glowing, very quick
A: sickness immunity, AC +5, negative energy resistance 1, electricity
resistance, torment resistance 1, petrification resistance
a: no special abilities


You were on level 5 of the Dungeon.
You visited 1 branch of the dungeon, and saw 5 of its levels.

You collected 117 gold pieces.

Inventory:

Hand Weapons
 a - a +1 mace of venom (weapon)
Armour
 b - a +0 ring mail
 d - an orb of light (worn)
 e - a +0 pair of gloves (worn)
 f - a +1 cloak (worn)
 j - a +0 leather armour (worn)
 l - a +2 hat (worn)
Wands
 o - a wand of flame (23)
Potions
 c - a potion of ambrosia
 g - a potion of magic
 k - 2 potions of flight


   Skills:
 + Level 5.6 Fighting
 * Level 6.6 Maces & Flails
 + Level 2.1 Armour
 + Level 4.2 Dodging


You had 7 spell levels left.
You didn't know any spells.
Your spell library contained the following spells:

 Spells                   Type           Power      Damage    Failure   Level
 Spider Form              Tmut/Pois      0%         N/A       80%         3
 Petrify                  Tmut/Erth      0%         N/A       99%         4
 Lee's Rapid Deconstruct  Erth           0%         3d4*      100%        5
 Iron Shot                Conj/Erth      0%         9d1       100%        6


Dungeon Overview and Level Annotations

Branches:
Dungeon (5/15)
 Temple: D:4-7

Altars:


Innate Abilities, Weirdness & Mutations

You are immune to sickness and miasma.
Your stone body is resilient. (AC +5)
You are immune to poison.
You resist negative energy. (rN+)
You are resistant to electric shocks. (rElec)
You are resistant to unholy torment.
You are immune to petrification.


Message History

The orc priest barely misses you.
You feel a little less mighty now.
The orc priest invokes the aid of Beogh against you.
Pain shoots through your body!
You closely miss the orc wizard. The orc wizard misses you.
You barely miss the orc wizard. The gnoll sergeant misses you.
The gnoll barely misses you.
You sock the orc priest!
The orc priest is poisoned.
The orc priest is heavily wounded.
The orc wizard barely misses you.
The orc priest mumbles some strange prayers to Beogh against you.
Beogh smites you! The gnoll closely misses you. The gnoll sergeant misses you.
You barely miss the orc priest.
The orc priest is heavily wounded.
The orc priest hits you but does no damage.
The orc wizard hits you with a +0 dagger.
The gnoll hits you with a +0 club.
The gnoll sergeant hits you from afar with a +0 trident.
You barely miss the orc wizard. The orc priest closely misses you.
The orc wizard closely misses you.
The gnoll sergeant hits you from afar with a +0 trident!
* * * LOW HITPOINT WARNING * * *
The gnoll hits you but does no damage.
You hit the orc wizard.
The orc wizard is poisoned.
The orc wizard is moderately wounded.
The gnoll sergeant hits you but does no damage.
The orc wizard gestures at you while chanting.
The magic dart hits you but does no damage.
The orc priest hits you but does no damage.
The gnoll misses you.
As you read the scroll of teleportation, it crumbles to dust.
You feel strangely unstable. The orc wizard barely misses you.
The orc priest hits you with a +0 flail.
* * * LOW HITPOINT WARNING * * *
The gnoll closely misses you. The gnoll sergeant misses you.
It was a potion of haste.
You feel yourself speed up.
The orc wizard hits you but does no damage.
The orc priest invokes the aid of Beogh against you.
Beogh smites you!
You die...

...............#
.#.#.........$#
.............#
#.###.....g..##
#.....<.......#
####..........# ######.
#..........# ......#
.##........gg##......#
...........hgo@......#
#...........#go......#
.............>.#####...
#######..####### ..# #
#.># .# #..# .# #... #
##..


You could see a black bear, a gnoll sergeant, an orc priest (poisoned), an orc
wizard (very poisoned) and 3 gnolls.

Vanquished Creatures
  Sigmund (D:2)
  An orc warrior (D:5)
  An ogre (D:4)
  2 scorpions (D:4)
  2 hounds
  Jessica (D:2)
  Natasha (thrice) (D:2)
  2 iguanas
  2 orc wizards (D:4)
  A gnoll (D:5)
  4 adders
  An ufetubus (D:2)
  2 worms
  A dart slug (D:3)
  10 orcs
  2 ball pythons
  7 endoplasms
  2 giant cockroaches (D:1)
  3 goblins
  7 hobgoblins
  7 kobolds
  3 quokkas
  3 bats
  19 rats
87 creatures vanquished.

Notes
Turn   | Place    | Note
-------+----------+-------------------------------------------
     0 | D:1      | booth the Gargoyle Monk began the quest for the Orb.
     0 | D:1      | Reached XP level 1. HP: 14/14 MP: 1/1
   228 | D:1      | Reached XP level 2. HP: 19/19 MP: 2/2
   744 | D:2      | Noticed Sigmund
   764 | D:2      | Killed Sigmund
   765 | D:2      | Reached skill level 4 in Maces & Flails
   765 | D:2      | Reached XP level 3. HP: 11/24 MP: 3/3
   765 | D:2      | Reached XP level 4. HP: 13/30 MP: 4/4
   765 | D:2      | Reached XP level 5. HP: 15/34 MP: 5/5
   898 | D:2      | Noticed Natasha
   907 | D:2      | Killed Natasha
  1041 | D:2      | Noticed Jessica
  1042 | D:2      | Noticed Natasha
  1047 | D:2      | Killed Jessica
  1048 | D:2      | Reached skill level 5 in Maces & Flails
  1048 | D:2      | Reached XP level 6. HP: 19/39 MP: 6/6
  1050 | D:2      | Killed Natasha
  1371 | D:2      | Noticed Natasha
  1380 | D:2      | Killed Natasha
  3052 | D:4      | Got Suxiwk's Tome of Tephra and Permutations
  3085 | D:4      | Reached skill level 5 in Fighting
  3216 | D:4      | Reached XP level 7. HP: 41/44 MP: 7/7
  3344 | D:4      | Reached skill level 6 in Maces & Flails
  3344 | D:4      | Reached skill level 1 in Armour
  3707 | D:5      | Entered Level 5 of the Dungeon
  3742 | D:5      | Reached XP level 8. HP: 45/51 MP: 8/8
  3752 | D:5      | Killed from afar by an orc priest

Illustrated notes

Levels and vault maps discovered:
D:1:      mainiacjoe_arrival_reflecting_pool, layout_basic
D:2:      layout_loops_cross, minmay_rat_hole, uniq_natasha, uniq_jessica,
          uniq_sigmund
D:3:      layout_basic
D:4:      layout_loops_ring
D:5:      layout_rooms, minmay_temple_entry_overgrown, gup_sewer_entry_glass,
          serial_co_window_serial, co_window_paths_a, co_window_paths_a,
          co_window_corner_a, co_window_of_opportunity_a, co_window_corner_a,
          co_window_of_opportunity_a, co_window_paths_b, co_window_paths_a,
          co_window_paths_a, co_window_unsneaky_path_a, co_window_corner_ca,
          co_window_broadway_c, co_window_unsneaky_path_c, glass_columns_c

Skill      XL: |  1  2  3  4  5  6  7 |
---------------+----------------------+-----
Fighting       | 4 5 |  5.6
Maces & Flails | 4 5 6 |  6.6
Dodging        | 3 4 |  4.2
Armour         | 2 |  2.1

Action                     |  1- 3 |  4- 6 |  7- 9 || total
---------------------------+-------+-------+-------++-------
  Melee: Mace              |    52 |   125 |    45 ||   222
  Throw: Dart              |     3 |       |     3 ||     6
    Use: Scroll            |     2 |     5 |     2 ||     9
         Potion            |     1 |     1 |     2 ||     4
 Armour: Robe              |    14 |    30 |       ||    44
         Leather armour    |       |    12 |    21 ||    33
  Dodge: Dodged            |    31 |    83 |    32 ||   146
